 Dungeon Crawl Stone Soup version 0.24-a0-530-g18ba70b503 (webtiles) character file.

Game seed: 804454175073282550

200473 GordonOverkill the Stormcaller (level 17, -7/150 HPs)
             Began as a Black Draconian Fire Elementalist on Aug 4, 2019.
             Was an Elder of Sif Muna.
             Shot with an arrow by a deep elf archer (15 damage)
             ... on level 2 of the Vaults on Aug 7, 2019.
             The game lasted 02:52:09 (61801 turns).

GordonOverkill the Stormcaller (DrFE)              Turns: 61801, Time: 02:52:10

Health: -7/150     AC: 16    Str: 11    XL:     17   Next: 88%
Magic:  7/42       EV: 15    Int: 21    God:    Sif Muna [****..]
Gold:   225        SH: 15    Dex: 19    Spells: 1/40 levels left

rFire    . . .     SeeInvis .   Z - +7 trident of Benevolence {vamp, rPois rC+ Dex+3}
rCold    + . .     Gourm    .   E - +1 shield {reflect}
rNeg     . . .     Faith    .   (armour unavailable)
rPois    +         Spirit   .   e - +2 hat
rElec    +         Reflect  +   s - +0 cloak
rCorr    .         Harm     .   o - +0 pair of fencer's gloves {Riposte Dex+3}
MR       +....                  f - +2 pair of boots
Stlth    ++........             N - +2 amulet of reflection
HPRegen  0.35/turn              S - ring of wizardry
MPRegen  0.28/turn              J - ring of magical power

@: no status effects
A: breathe lightning, unfitting armour, big wings, electricity resistance,
cold-blooded, AC +9
}: 1/15 runes: gossamer
a: Breathe Lightning, Fly, Channel Magic, Forget Spell, Divine Exegesis,
Renounce Religion


You were on level 2 of the Vaults.
You worshipped Sif Muna.
Sif Muna was greatly pleased with you.
You were hungry.

You visited 5 branches of the dungeon, and saw 29 of its levels.
You also visited: Sewer and Ossuary.

You collected 3341 gold pieces.
You spent 3116 gold pieces at shops.

Inventory:

Hand Weapons
 Z - the +7 trident of Benevolence (weapon) {vamp, rPois rC+ Dex+3}
   (You found it on level 6 of the Lair of Beasts)

   It inflicts no extra harm, but heals its wielder when it wounds a living foe.
   It affects your dexterity (+3).
   It protects you from cold.
   It protects you from poison.
Missiles
 K - 8 javelins
 P - 16 boomerangs (quivered)
Armour
 a - a +1 buckler of protection
 e - a +2 hat (worn)
 f - a +2 pair of boots (worn)
 o - the +0 pair of fencer's gloves (worn) {Riposte Dex+3}
   (You bought it in a shop on level 2 of the Orcish Mines)

   It affects your dexterity (+3).
 s - a +0 cloak (worn)
 E - a +1 shield of reflection (worn)
 R - a +2 large shield of fire resistance
Magical Staves
 U - an uncursed staff of power
Jewellery
 J - a ring of magical power (right hand)
 N - a +2 amulet of reflection (around neck)
 O - an uncursed ring of protection from fire
 S - a ring of wizardry (left hand)
Wands
 g - a wand of enslavement (23)
 p - a wand of digging (12)
 v - a wand of scattershot (11)
 A - a wand of iceblast (29)
 C - a wand of flame (75)
 H - a wand of acid (5)
 I - a wand of paralysis (22)
 Q - a wand of clouds (7)
Scrolls
 b - 2 scrolls of enchant weapon
 h - 2 scrolls of magic mapping
 i - a scroll of amnesia
 m - 18 scrolls of remove curse
 q - 18 scrolls of teleportation
 D - 3 scrolls of immolation
 G - 2 scrolls of enchant armour
 L - 2 scrolls of fog
 T - 4 scrolls of fear
 X - a scroll of brand weapon
 Y - 2 scrolls of vulnerability
Potions
 d - 3 potions of curing
 k - 10 potions of flight
 l - 2 potions of resistance
 n - 10 potions of ambrosia
 r - 3 potions of brilliance
 t - 4 potions of haste
 u - 3 potions of berserk rage
 w - 4 potions of cancellation
 x - a potion of magic
 z - a potion of agility
 B - 2 potions of mutation
 V - 2 potions of might
Miscellaneous
 M - a lightning rod (3/4)
 W - a crystal ball of energy
Comestibles
 y - 6 rations


   Skills:
 + Level 13.4 Fighting
 - Level 5.0 Dodging
 - Level 2.0 Stealth
 + Level 11.2 Shields
 + Level 12.3 Spellcasting
 - Level 7.0 Conjurations
 - Level 3.0 Charms
 - Level 8.0 Summonings
 - Level 6.0 Necromancy
 - Level 4.0 Fire Magic
 - Level 20.0 Air Magic
 - Level 4.0 Earth Magic
 - Level 10.0 Invocations
 - Level 6.0 Evocations


You had one spell level left.
You knew the following spells:

 Your Spells              Type           Power        Failure   Level  Hunger
a - Dispel Undead         Necr           #####...     8%          5    ####...
b - Airstrike             Air            #######...   0%          4    None
c - Sticky Flame          Conj/Fire      #####...     3%          4    None
d - Regeneration          Chrm/Necr      ####......   1%          3    None
e - Summon Lightning Spi  Summ/Air       ######..     1%          4    None
f - Blink                 Tloc           N/A          4%          2    None
g - Borgnjor's Vile Clut  Necr/Erth      ####......   12%         5    ####...
h - Conjure Ball Lightni  Conj/Air       ######....   1%          6    #####..
i - Deflect Missiles      Chrm/Air       ######....   4%          6    #####..

Your spell library contained the following spells:

 Spells                   Type           Power        Failure   Level  Hunger
 Animate Skeleton         Necr           N/A          1%          1    None
 Flame Tongue             Conj/Fire      #####        1%          1    None
 Magic Dart               Conj           ####         1%          1    None
 Pain                     Necr           ####         1%          1    None
 Sting                    Conj/Pois      ####         1%          1    None
 Freeze                   Ice            ##..         3%          1    None
 Call Imp                 Summ           #####...     1%          2    None
 Poisonous Vapours        Pois/Air       ######       1%          2    None
 Sublimation of Blood     Necr           #####.....   1%          2    None
 Swiftness                Chrm/Air       ######..     1%          2    None
 Throw Flame              Conj/Fire      #####.       1%          2    None
 Throw Frost              Conj/Ice       ####..       1%          2    None
 Conjure Flame            Conj/Fire      #####...     1%          3    None
 Mephitic Cloud           Conj/Pois/Air  ######..     1%          3    None
 Recall                   Summ/Tloc      N/A          1%          3    None
 Vampiric Draining        Necr           #####.....   1%          3    None
 Silence                  Hex/Air        ######....   1%          5    ####...
 Animate Dead             Necr           N/A          2%          4    None
 Aura of Abjuration       Summ           #####.....   3%          5    ####...
 Summon Demon             Summ           #####.....   3%          5    ####...
 Slow                     Hex            ##......     4%          2    None
 Inner Flame              Hex/Fire       ###.....     4%          3    None
 Ozocubu's Armour         Chrm/Ice       ###.....     5%          3    None
 Summon Ice Beast         Ice/Summ       ####....     6%          4    None
 Force Lance              Conj/Tloc      ####....     8%          4    None
 Throw Icicle             Conj/Ice       ####....     8%          4    None
 Agony                    Necr           #####...     8%          5    ####...
 Fireball                 Conj/Fire      #####.....   10%         5    ####...
 Iskenderun's Battlesphe  Conj/Chrm      ####....     12%         5    ####...
 Excruciating Wounds      Chrm/Necr      ####......   14%         5    ####...
 Summon Forest            Summ/Tloc      ####......   17%         5    ####...
 Summon Mana Viper        Hex/Summ       ####....     17%         5    ####...
 Shadow Creatures         Summ           N/A          19%         6    #####..
 Irradiate                Conj/Tmut      ####......   21%         5    ####...
 Venom Bolt               Conj/Pois      ####......   21%         5    ####...
 Olgreb's Toxic Radiance  Pois           ##......     32%         4    None
 Death Channel            Necr           #####.....   38%         6    #####..
 Tornado                  Air            #######...   63%         9    #######
 Summon Greater Demon     Summ           #####.....   67%         7    #######
 Summon Hydra             Summ           #####.....   67%         7    #######
 Spellforged Servitor     Conj/Summ      #####.....   75%         7    #######
 Simulacrum               Ice/Necr       ####......   78%         6    #####..
 Statue Form              Tmut/Erth      ###......    89%         6    #####..
 Hydra Form               Tmut           ##........   99%         6    #####..
 Malign Gateway           Summ/Tloc      ####......   99%         7    #######
 Dragon Form              Tmut           ##........   100%        7    #######
 Death's Door             Chrm/Necr      ####......   100%        8    #######
 Summon Horrible Things   Summ           #####.....   100%        8    #######
 Dragon's Call            Summ           #####.....   100%        9    #######
 Fire Storm               Conj/Fire      #####.....   100%        9    #######


Dungeon Overview and Level Annotations

Branches:
Dungeon (15/15)            Temple (0/1) D:6            Lair (6/6) D:11
 Shoals (0/4) Lair:4       Spider (4/4) Lair:4        Slime (0/5) Lair:6
    Orc (2/2) D:9             Elf (0/3) Orc:2        Vaults (2/5) D:13
 Depths (0/5) D:15
  Crypt: Vaults:2-3

Altars:
Ashenzari
Dithmenos
Elyvilon
Fedhas
Nemelex Xobeh
Okawaru
Sif Muna
Vehumet
Xom
Zin

Shops:
D:5 *   D:7 :   D:12 **   Orc:2 ?[%[[

Portals:
Abyss: D:10
Trove: D:14 (give +4 ice dragon scales)

Annotations:
Lair:6 3 runed translucent doors, Stiffzip's ghost, journeyman GrVM
Vaults:2 Asterion


Innate Abilities, Weirdness & Mutations

You can breathe wild blasts of lightning.
Your glossy black scales are hard. (AC +9)
You cannot fit into any form of body armour.
Your large and strong wings let you fly indefinitely.
You are resistant to electric shocks. (rElec)
You are cold-blooded and may be slowed by cold attacks.


Message History

The blast of lightning engulfs the slime creature!!
You kill the slime creature!
Sif Muna accepts your kill. The blast of lightning engulfs you. You resist.
* * * LOW HITPOINT WARNING * * *
Okay, then.
Casting: Conjure Ball Lightning (safe; 1% risk of failure)
Confirm with . or Enter, or press ? or * to list all spells.
You create some ball lightning!
You are feeling hungry.
A deep elf archer comes into view. It is wielding a +0 dagger.
You feel better.
The deep elf archer unwields a +0 short sword.
The deep elf archer wields a +0 shortbow.
The deep elf archer shoots an arrow.
The arrow hits you!
* * * LOW HITPOINT WARNING * * *
The deep elf archer unwields a +0 dagger.
The deep elf archer wields a +0 longbow.
The deep elf archer shoots an arrow.
The arrow hits you!
You die...

#...#
#...#
#....
#....
#...#
#...#
#...#
#..@#
#..(#
#...#
#...#
#.*.#
#.*.#
#.).#
#.ee#
#...#


You could see 2 deep elf archers and 2 friendly ball lightnings.

Vanquished Creatures
  Agnes (D:14)
  Frances (D:14)
  A sphinx (D:13)
  Donald (Vaults:1)
  3 vault wardens (Vaults:1)
  4 ghost moths
  An orc warlord (Orc:1)
  6 emperor scorpions
  4 ironheart preservers (Vaults:1)
  A dire elephant (Lair:6)
  A spark wasp (Spider:3)
  A fire dragon (Vaults:1)
  Snorg (D:14)
  A deep elf death mage (Vaults:1)
  2 yaktaur captains
  A naga warrior (Orc:1)
  An ice dragon (Vaults:1)
  7 vault guards (Vaults:1)
  7 hydras
  Harold (D:9)
  A rakshasa (D:15)
  8 centaur warriors
  A death knight (Vaults:1)
  2 catoblepae
  2 ogre magi
  3 death yaks (Lair:6)
  Erica (D:10)
  9 two-headed ogres
  The ghost of skumtomte the Thaumaturge, a journeyman DEFE of Vehumet (Orc:1)
  2 tengu warriors
  A deep troll shaman (Lair:6)
  5 orc high priests
  Sonja (Orc:2)
  A fire crab (Lair:4)
  A shadow wraith (D:13)
  5 unseen horrors
  6 deep trolls
  2 flayed ghosts (Vaults:1)
  A wizard (Vaults:1)
  7 ironbrand convokers
  2 phantasmal warriors (Vaults:1)
  A deep elf archer (Vaults:1)
  2 lindwurms
  5 orc knights
  A wolf spider zombie (D:15)
  5 deep elf magi
  23 ugly things
  3 orc sorcerers
  16 wolf spiders
  4 moths of wrath
  A manticore (D:14)
  13 orb spiders
  2 cyclopes
  23 elephants
  Maurice (D:8)
  4 vault sentinels (Vaults:2)
  2 torpor snails
  2 black mambas
  4 rime drakes
  4 spiny frogs
  3 komodo dragons
  9 yaktaurs
  3 tengu conjurers
  An elf (Vaults:1)
  2 freezing wraiths
  3 demonic crawlers
  A meliai (shapeshifter) (D:14)
  A meliai (Lair:5)
  27 jumping spiders
  10 trolls
  5 polar bears
  3 hornets
  A queen bee (Lair:5)
  7 hippogriffs
  13 dream sheep
  7 blink frogs
  12 slime creatures
  A spriggan (D:8)
  38 redbacks
  2 shadows (D:14)
  A water elemental (D:13)
  2 wraiths
  3 wyverns
  34 yaks
  2 vampires (D:15)
  25 tarantellas
  3 basilisks
  A steam dragon (D:10)
  2 hungry ghosts
  5 wargs
  2 vampire mosquitoes (D:12)
  2 water moccasins
  3 soldier ants
  4 porcupines
  25 orc warriors
  An ice beast (D:12)
  3 phantoms
  3 sky beasts
  3 black bears
  14 ogres
  4 boggarts (Vaults:1)
  A necrophage (D:11)
  A slave (D:9)
  8 wolves
  An eye of draining (D:15)
  26 centaurs
  10 crocodiles
  5 big kobolds
  14 bullfrogs
  A gnoll sergeant (D:10)
  7 water moccasin zombies
  A water moccasin skeleton (D:7)
  3 scorpions
  28 killer bees
  4 howler monkeys
  8 electric eels
  A bullfrog zombie (D:5)
  3 centaur zombies
  8 crimson imps
  33 orc priests
  6 bullfrog skeletons
  2 hounds
  3 jellies
  25 orc wizards
  3 iguanas
  8 worker ants
  4 big kobold zombies (Ossuary)
  A hound skeleton (D:5)
  A howler monkey zombie (D:9)
  2 mummies (Ossuary)
  2 worker ant zombies
  6 gnolls
  14 adders
  A river rat (Sewer)
  5 shadow imps
  An ooze (D:3)
  5 adder zombies
  4 adder skeletons
  2 worms (D:3)
  2 dart slugs
  6 leopard geckos
  85 orcs
  9 giant cockroaches
  2 gnoll zombies (Ossuary)
  4 goblins
  6 hobgoblins
  16 jackals
  28 kobolds
  4 quokkas
  9 bats
  5 frilled lizards
  2 hobgoblin zombies (Ossuary)
  3 jackal skeletons
  8 kobold zombies (Ossuary)
  2 orc zombies (Ossuary)
  9 rats
973 creatures vanquished.

Vanquished Creatures (collateral kills)
  Rupert (D:12)
  3 emperor scorpions (Spider:4)
  An ironheart preserver (Vaults:1)
  A stone giant (Vaults:2)
  2 ogre magi (Vaults:1)
  Josephine (D:12)
  A great orb of eyes (Vaults:1)
  2 hydras
  2 hell beasts (D:10)
  A two-headed ogre (Vaults:1)
  A centaur warrior (D:13)
  2 death yaks (Lair:6)
  An unseen horror (D:15)
  An ironbrand convoker (Vaults:1)
  5 lindwurms (Lair:5)
  Pikel (D:9)
  2 oklob plants (Lair:6)
  2 orb spiders
  An orc knight (Vaults:1)
  2 wolf spiders
  A salamander (shapeshifter) (D:13)
  An orc sorcerer (Vaults:2)
  2 cyclopes
  3 ugly things
  7 elephants
  A ball lightning (Spider:2)
  3 vault sentinels (Vaults:1)
  A black mamba (Lair:1)
  A rust devil (D:10)
  A centaur skeleton (D:12)
  An orange demon (D:10)
  4 spiny frogs
  2 yaktaurs (Vaults:1)
  An efreet (D:14)
  2 demonic crawlers
  A rime drake (Lair:6)
  2 komodo dragons
  2 meliai (Lair:5)
  4 trolls
  3 jumping spiders
  A hornet (D:14)
  4 dream sheep (Lair:5)
  5 blink frogs
  7 slime creatures
  4 hippogriffs
  5 wraiths
  6 yaks
  5 redbacks
  2 tarantellas (Spider:4)
  A hog (shapeshifter) (D:13)
  A wyvern (Lair:3)
  2 basilisks
  Grum (D:9)
  4 porcupines
  5 water moccasins
  2 orc warriors
  A slave (D:9)
  3 phantoms
  7 centaurs
  2 ogres
  8 wolves
  5 crocodiles
  A big kobold (D:11)
  5 bullfrogs
  A scorpion (D:12)
  9 killer bees
  4 wights (D:14)
  2 crimson imps
  A quasit (D:11)
  A hound (D:11)
  5 iron imps (D:10)
  An orc wizard (D:15)
  2 iguanas
  A worker ant (D:11)
  A gnoll (D:10)
  2 shadow imps
  2 orcs
  3 kobolds (D:11)
  A bat (D:15)
  A fungus (Lair:6)
200 creatures vanquished.

Vanquished Creatures (others)
  3 death yaks (Lair:6)
  A deep elf knight (Vaults:1)
  357 ball lightnings
  A demonic crawler (Spider:1)
  2 yaktaurs (Vaults:1)
  A redback (Spider:4)
  A boggart (Vaults:1)
  14 fungi
  11 plants
391 creatures vanquished.

Grand Total: 1564 creatures vanquished

Notes
Turn   | Place    | Note
-------+----------+-------------------------------------------
     0 | D:1      | GordonOverkill the Draconian Fire Elementalist began the
                  | quest for the Orb.
     0 | D:1      | Reached XP level 1. HP: 14/14 MP: 3/3
   380 | D:1      | Reached XP level 2. HP: 22/22 MP: 0/5
  1192 | D:1      | Reached skill level 1 in Fighting
  1587 | D:2      | Reached XP level 3. HP: 28/28 MP: 4/6
  1708 | D:2      | Learned a level 3 spell: Conjure Flame
  1774 | D:2      | Found a deep blue altar of Sif Muna.
  1901 | D:2      | Became a worshipper of Sif Muna the Loreminder
  2378 | D:2      | Reached XP level 4. HP: 36/36 MP: 1/7
  2806 | D:3      | Reached skill level 1 in Invocations
  2829 | D:3      | Learned a level 4 spell: Sticky Flame
  2968 | D:3      | Reached * piety under Sif Muna
  2992 | D:3      | Found a glowing drain.
  3026 | Sewer    | Entered a sewer
  3160 | Sewer    | Noticed a big kobold
  3173 | Sewer    | Killed a big kobold
  3173 | Sewer    | Reached XP level 5. HP: 42/42 MP: 3/9
  3269 | Sewer    | Found a white marble altar of Elyvilon.
  3753 | D:3      | Found a sparkling altar of Nemelex Xobeh.
  4080 | D:4      | Found a shattered altar of Ashenzari.
  4081 | D:4      | Found a sparkling altar of Nemelex Xobeh.
  4085 | D:4      | Found a radiant altar of Vehumet.
  4485 | D:4      | Reached XP level 6. HP: 50/50 MP: 5/10
  4846 | D:4      | Reached ** piety under Sif Muna
  5208 | D:5      | Entered Level 5 of the Dungeon
  5462 | D:5      | Found Mupgaum's Merry Market.
  5462 | D:5      | You fall into a shaft and drop 2 floors!
  5658 | D:6      | Found a sand-covered staircase.
  5691 | Ossuary  | Entered an ossuary
  5792 | Ossuary  | Your scales start taking on a glossy black colour.
  5792 | Ossuary  | Reached XP level 7. HP: 44/57 MP: 12/12
  5792 | Ossuary  | Gained mutation: You are resistant to electric shocks.
                  | (rElec) [Black Draconian growth]
  6600 | D:6      | Reached skill level 1 in Evocations
  6728 | D:6      | Reached XP level 8. HP: 63/66 MP: 4/14
  6862 | D:6      | Reached skill level 5 in Invocations
  7180 | D:6      | Reached skill level 5 in Conjurations
  7499 | D:6      | Found a staircase to the Ecumenical Temple.
  8114 | D:5      | Reached *** piety under Sif Muna
  8254 | D:5      | Reached skill level 5 in Evocations
  8704 | D:5      | Identified the Papyrus of Helpful Summoning
  8710 | D:5      | Learned a level 3 spell: Regeneration
  8715 | D:5      | Learned a level 4 spell: Summon Lightning Spire
  8759 | D:5      | Bought a scroll of magic mapping for 52 gold pieces
  8759 | D:5      | Bought a potion of magic for 120 gold pieces
  8913 | D:5      | Reached XP level 9. HP: 69/72 MP: 15/15
  9489 | D:7      | Found a white marble altar of Elyvilon.
  9635 | D:7      | Found Lawialae's Book Emporium.
  9649 | D:7      | Reached skill level 5 in Fighting
  9990 | D:7      | Reached skill level 1 in Air Magic
 10036 | D:7      | Reached skill level 1 in Summonings
 10071 | D:7      | Reached skill level 5 in Spellcasting
 10071 | D:7      | Reached skill level 1 in Charms
 10071 | D:7      | Reached skill level 1 in Necromancy
 10260 | D:7      | Found a glowing silver altar of Zin.
 10262 | D:7      | Found an iron altar of Okawaru.
 10262 | D:7      | Found a sparkling altar of Nemelex Xobeh.
 10264 | D:7      | Found a shimmering altar of Xom.
 10264 | D:7      | Found a blossoming altar of Fedhas.
 10264 | D:7      | Found a shattered altar of Ashenzari.
 10725 | D:8      | Noticed Maurice
 10740 | D:8      | Killed Maurice
 10740 | D:8      | Reached skill level 2 in Air Magic
 10927 | D:8      | Reached **** piety under Sif Muna
 11257 | D:8      | Reached skill level 3 in Air Magic
 12058 | D:9      | Found a staircase to the Orcish Mines.
 12305 | D:9      | Noticed Harold
 12328 | D:9      | Killed Harold
 12328 | D:9      | Reached skill level 4 in Air Magic
 12328 | D:9      | Reached XP level 10. HP: 66/81 MP: 4/19
 12712 | D:9      | Noticed a two-headed ogre
 12737 | D:9      | Killed a two-headed ogre
 12737 | D:9      | Reached skill level 5 in Air Magic
 13001 | D:9      | Noticed Grum
 13023 | D:9      | Killed Grum
 13524 | D:9      | Noticed Pikel
 13545 | D:9      | Killed Pikel
 13545 | D:9      | Reached skill level 6 in Air Magic
 13817 | D:10     | Entered Level 10 of the Dungeon
 14472 | D:10     | Noticed Erica
 14500 | D:10     | Killed Erica
 14500 | D:10     | Reached skill level 8 in Air Magic
 14859 | D:10     | Noticed a hell beast
 14860 | D:10     | Noticed a rust devil
 14860 | D:10     | Noticed an orange demon
 14864 | D:10     | Found a one-way gate to the infinite horrors of the Abyss.
 14865 | D:10     | Noticed a hell beast
 14912 | D:10     | Killed an orange demon
 14934 | D:10     | Killed a hell beast
 14934 | D:10     | Reached XP level 11. HP: 86/86 MP: 15/21
 14958 | D:10     | Killed a hell beast
 14958 | D:10     | Reached skill level 5 in Summonings
 15021 | D:10     | Reached skill level 9 in Air Magic
 15354 | D:11     | Found a staircase to the Lair.
 15446 | D:11     | Noticed a four-headed hydra
 15452 | D:11     | Found a shadowy altar of Dithmenos.
 15472 | D:11     | Killed a four-headed hydra
 15472 | D:11     | Reached ***** piety under Sif Muna
 16037 | D:11     | Noticed a cyan ugly thing
 16048 | D:11     | Killed a cyan ugly thing
 16048 | D:11     | Reached skill level 5 in Necromancy
 16226 | D:11     | Received a gift from Sif Muna
 16247 | D:11     | Noticed a seven-headed hydra
 16606 | D:11     | Killed a seven-headed hydra
 16924 | Lair:1   | Entered Level 1 of the Lair of Beasts
 18545 | Lair:2   | Reached skill level 10 in Air Magic
 19406 | Lair:2   | Reached skill level 1 in Shields
 19406 | Lair:2   | Reached XP level 12. HP: 96/100 MP: 24/24
 20124 | Lair:3   | Reached skill level 11 in Air Magic
 21157 | Lair:4   | Found a staircase to the Shoals.
 21585 | Lair:4   | Reached skill level 12 in Air Magic
 21916 | Lair:4   | Noticed a four-headed hydra
 21923 | Lair:4   | Killed a four-headed hydra
 22112 | Lair:4   | Found a hole to the Spider Nest.
 22447 | Lair:4   | Reached skill level 13 in Air Magic
 22912 | Lair:4   | Found the +8 frozen axe "Frostbite" {freezing cloud, *Noise
                  | +Fly rC+}
 23129 | Lair:5   | Identified Sif Muna's Incunabulum of Dislocation (Sif Muna
                  | gifted it to you on level 5 of the Lair of Beasts)
 23129 | Lair:5   | Received a gift from Sif Muna
 23136 | Lair:5   | Learned a level 2 spell: Blink
 23490 | Lair:4   | HP: 5/100 [poisoned by a black mamba]
 23496 | Lair:4   | HP: 5/100 [poisoned by a black mamba]
 23504 | Lair:4   | HP: 5/100 [poisoned by a black mamba]
 24715 | Lair:4   | Reached skill level 5 in Shields
 24820 | Lair:5   | Noticed a catoblepas
 25474 | Lair:5   | Reached XP level 13. HP: 67/107 MP: 25/25
 27648 | Lair:5   | Reached skill level 10 in Spellcasting
 28460 | Lair:5   | Identified 2 scrolls of acquirement
 28463 | Lair:5   | Got a pair of pitted boots
 28474 | Lair:5   | Identified the +0 pair of boots of Impressiveness {rC+}
                  | (You acquired it on level 5 of the Lair of Beasts)
 28535 | Lair:6   | Entered Level 6 of the Lair of Beasts
 29049 | Lair:6   | Found a runed translucent gate.
 29050 | Lair:6   | Found a runed translucent gate.
 29052 | Lair:6   | Found a runed translucent gate.
 29629 | Lair:6   | Noticed a minotaur
 29664 | Lair:6   | Identified Sif Muna's Tome of Combat Magic (Sif Muna gifted
                  | it to you on level 6 of the Lair of Beasts)
 29664 | Lair:6   | Received a gift from Sif Muna
 29772 | Lair:6   | Learned a level 5 spell: Borgnjor's Vile Clutch
 29789 | Lair:6   | Found a staircase to the Slime Pits.
 30905 | Lair:5   | Reached skill level 1 in Earth Magic
 31220 | Lair:6   | Noticed Stiffzip's ghost (journeyman GrVM)
 31763 | Lair:6   | Noticed a dire elephant
 31785 | Lair:6   | Killed a dire elephant
 31785 | Lair:6   | Gained mutation: Your large and strong wings let you fly
                  | indefinitely. [Black Draconian growth]
 31785 | Lair:6   | Reached XP level 14. HP: 31/116 MP: 27/28
 32075 | Lair:6   | Got a polished trident
 32076 | Lair:6   | Identified the +7 trident of Benevolence {vamp, rPois rC+
                  | Dex+3} (You found it on level 6 of the Lair of Beasts)
 32580 | D:12     | Found Moytauv's General Store.
 32591 | D:12     | Bought a scroll of acquirement for 624 gold pieces
 32591 | D:12     | Bought a scroll of teleportation for 36 gold pieces
 32591 | D:12     | Bought a wand of acid (11) for 360 gold pieces
 32695 | D:12     | Found Ceamuloj's Assorted Antiques.
 32992 | D:12     | Noticed Josephine
 33002 | D:12     | Killed Josephine
 33693 | D:12     | Bought a scroll of amnesia for 80 gold pieces
 33693 | D:12     | Bought a scroll of identify for 46 gold pieces
 33693 | D:12     | Bought a scroll of amnesia for 80 gold pieces
 34015 | D:12     | Noticed Rupert
 34015 | D:12     | Paralysed by Rupert for 5 turns
 34033 | D:12     | Killed Rupert
 34336 | D:12     | Found Geur Ca Voe's Jewellery Shop.
 34362 | D:13     | Identified Sif Muna's Almanac of Confrontation and
                  | Summoning (Sif Muna gifted it to you on level 13 of the
                  | Dungeon)
 34362 | D:13     | Received a gift from Sif Muna
 34959 | D:13     | Learned a level 6 spell: Conjure Ball Lightning
 34966 | D:13     | Learned a level 6 spell: Deflect Missiles
 35314 | D:13     | Reached skill level 10 in Fighting
 35385 | D:13     | Reached skill level 10 in Invocations
 36055 | D:13     | Identified Sif Muna's Tome of Excruciating Black Arts (Sif
                  | Muna gifted it to you on level 13 of the Dungeon)
 36055 | D:13     | Received a gift from Sif Muna
 36546 | D:13     | Found a gate to the Vaults.
 36904 | D:14     | Noticed Agnes
 36914 | D:14     | Killed Agnes
 37083 | D:14     | Noticed Snorg
 37091 | D:14     | Killed Snorg
 37091 | D:14     | Reached skill level 5 in Dodging
 37276 | D:14     | Noticed Frances
 37291 | D:14     | Killed Frances
 37878 | D:14     | Reached skill level 14 in Air Magic
 37878 | D:14     | Reached XP level 15. HP: 129/129 MP: 30/30
 38395 | D:14     | Found a portal to a secret trove of treasure.
 38514 | D:15     | Entered Level 15 of the Dungeon
 39677 | D:15     | Got a pair of faintly glowing boots
 39688 | D:15     | Identified the +0 pair of boots of Undesirable Species
                  | {+Fly Regen+ MP-9 SInv} (You found it on level 15 of the
                  | Dungeon)
 40110 | D:15     | Identified Liwk's Compendium of Supportive Black Arts (Sif
                  | Muna gifted it to you on level 15 of the Dungeon)
 40110 | D:15     | Received a gift from Sif Muna
 40367 | D:15     | Found a staircase to the Depths.
 40640 | Orc:1    | Entered Level 1 of the Orcish Mines
 41298 | Orc:2    | Entered Level 2 of the Orcish Mines
 41298 | Orc:2    | Found a staircase to the Elven Halls.
 41334 | Orc:2    | Noticed an orc warlord
 41705 | Orc:1    | Killed an orc warlord
 41705 | Orc:1    | Reached skill level 15 in Air Magic
 42307 | Orc:2    | Noticed Sonja
 42311 | Orc:2    | Killed Sonja
 42463 | Orc:2    | Found Xivaucw's Antique Armour Emporium.
 42880 | Orc:2    | Found Sorch's Armour Shop.
 42880 | Orc:2    | Found Goaxy's Magic Scroll Shop.
 42881 | Orc:2    | Found Nolis's Food Boutique.
 42884 | Orc:2    | Found Gyneas's Antique Armour Boutique.
 42890 | Orc:2    | Bought a scroll of fear for 42 gold pieces
 42890 | Orc:2    | Bought a scroll of blinking for 90 gold pieces
 43393 | Orc:2    | Bought the +0 pair of fencer's gloves {Riposte Dex+3} for
                  | 1000 gold pieces
 43393 | Orc:2    | Found the +0 pair of fencer's gloves {Riposte Dex+3}
 43795 | Orc:1    | Paralysed by an orc sorcerer for 3 turns
 44071 | Orc:1    | Found a runed translucent gate.
 44071 | Orc:1    | Found a runed translucent gate.
 44072 | Orc:1    | Found a runed translucent gate.
 44184 | Orc:1    | Noticed skumtomte's ghost (journeyman DEFE)
 44186 | Orc:1    | Found an iron altar of Okawaru.
 44200 | Orc:1    | Learned a level 5 spell: Dispel Undead
 44211 | Orc:1    | Killed skumtomte's ghost
 44661 | Spider:1 | Entered Level 1 of the Spider Nest
 46279 | Spider:2 | Reached XP level 16. HP: 78/141 MP: 22/31
 47074 | Spider:2 | Reached skill level 16 in Air Magic
 47468 | Spider:2 | Received a gift from Sif Muna
 50281 | Spider:4 | Entered Level 4 of the Spider Nest
 51707 | Orc:2    | Bought a ration for 70 gold pieces
 51707 | Orc:2    | Bought a ration for 70 gold pieces
 51707 | Orc:2    | Bought a ration for 70 gold pieces
 51707 | Orc:2    | Bought a ration for 70 gold pieces
 51707 | Orc:2    | Bought a ration for 70 gold pieces
 51707 | Orc:2    | Bought a ration for 70 gold pieces
 51707 | Orc:2    | Bought a ration for 70 gold pieces
 52249 | Spider:4 | Reached skill level 17 in Air Magic
 54281 | Spider:4 | Got a gossamer rune of Zot
 55286 | Orc:2    | Bought a scroll of identify for 24 gold pieces
 55286 | Orc:2    | Bought a scroll of identify for 24 gold pieces
 55286 | Orc:2    | Bought a scroll of identify for 24 gold pieces
 55286 | Orc:2    | Bought a scroll of identify for 24 gold pieces
 55321 | D:9      | Upgraded the game from 0.24-a0-525-g9231cdcba1 to
                  | 0.24-a0-528-g98e85ec62a
 55415 | Vaults:1 | Entered Level 1 of the Vaults
 55947 | Vaults:1 | Identified Sif Muna's Guide on Supportive Weightlessness
                  | (Sif Muna gifted it to you on level 1 of the Vaults)
 55947 | Vaults:1 | Received a gift from Sif Muna
 56122 | D:13     | Learned a level 4 spell: Airstrike
 56183 | Vaults:1 | Noticed Donald
 56189 | Vaults:1 | Killed Donald
 56189 | Vaults:1 | Reached skill level 10 in Shields
 56597 | Vaults:1 | Reached skill level 18 in Air Magic
 56602 | Vaults:1 | Reached XP level 17. HP: 148/149 MP: 5/33
 57752 | Vaults:1 | Reached skill level 19 in Air Magic
 59821 | Vaults:1 | Reached skill level 20 in Air Magic
 60211 | D:13     | Received a gift from Sif Muna
 60844 | Vaults:1 | Upgraded the game from 0.24-a0-528-g98e85ec62a to
                  | 0.24-a0-530-g18ba70b503
 61762 | Vaults:2 | Noticed Asterion
 61778 | Vaults:2 | HP: 5/150 [cacodemon[Asterion] (7)]
 61801 | Vaults:2 | Shot with an arrow by a deep elf archer

Levels and vault maps discovered:
D:1:      sevenhm_arrival_forest_fort_small_3, layout_basic
D:2:      layout_rooms, lemuel_blue_sif_altar
D:3:      layout_loops_cross, portal_sewer_entry_f, first_ration,
          nemelex_dance_club_becter
D:4:      layout_cave_pods, chequers_temple_overflow_statue_of_worship
D:5:      minmay_octagon_keep, layout_cave_pools, nicolae_alphabet_shops
D:6:      layout_basic, minmay_temple_entry_proselytizer,
          nicolae_ossuary_entry_ruins, kennysheep_boxes
D:7:      layout_basic, doesnt_xom_only_xom, serial_shops, shop,
          elyvilon_altar_5
D:8:      layout_cave_pods, the_bakery, uniq_maurice
D:9:      layout_basic, orc_0_dummy, uniq_pikel, uniq_harold, uniq_grum
D:10:     layout_rooms, lemuel_hellish_altar, uniq_erica
D:11:     layout_cave_pools, lair_entry_dummy, grunt_dithmenos_smoke_and_mirrors
D:12:     layout_roguey, serial_shops, nicolae_shop_crystal, shop, shop,
          uniq_josephine, uniq_rupert
D:13:     layout_basic, david_vaults_4, hangedman_decor_points
D:14:     layout_loops_ring, nicolae_trove_entry_columns, uniq_snorg,
          uniq_agnes, uniq_frances
D:15:     grunt_enter_depths_snipers, layout_gridville, minmay_splitting_lines,
          hangedman_batty
Lair:1:   layout_long_grid
Lair:2:   layout_cave_pods, guppyfry_lair_drakes
Lair:3:   statuecave_lemuel, layout_concentric_octagons, grunt_megastairs_5
Lair:4:   layout_gridlike, shoals_dummy_entry, spider_nest_entry_web_field
Lair:5:   regret_index_tunnel_blossom, layout_long_grid, st_stairs_5,
          minmay_lindwurm_lava
Lair:6:   grunt_lair_end_beastmaster, layout_regular_city,
          minmay_slime_entry_oklob_enclosed, maelrawn_ghost_gauntlet_escape
Spider:1: layout_spider_delve
Spider:2: layout_spider_delve
Spider:3: layout_spider_delve
Spider:4: grunt_spider_rune_circles, hangedman_spider_tarantella_strand
Orc:1:    layout_caves, gammafunk_ghost_fury_of_okawaru
Orc:2:    st_orc_mages, layout_caves, serial_shops, shop, mines4_lemuel,
          uniq_sonja
Vaults:1: nicolae_vaults_holding_cells, hangedman_vaults_capsules, v_misc_19,
          ontoclasm_vaults_eye, vaults_room_fours,
          nicolae_vaults_diagonal_hallway_8, v_alt_pattern_2,
          ontoclasm_vaults_loading_screen, vaults_mumra_hex,
          layout_vaults_big_room, uniq_donald
Vaults:2: v_rooms_6, nicolae_vaults_know_your_exits, v_pattern_1,
          hangedman_vaults_stagger, vaults_dpeg_ring, layout_vaults_quadrants,
          uniq_asterion, uniq_nikola

Skill      XL: |  1  2  3  4  5  6  7  8  9 10 11 12 13 14 15 16 17 |
---------------+----------------------------------------------------+-----
Dodging        | 2 3 5 |  5.0
Stealth        | 2 |  2.0
Fighting       | 1 2 3 4 5 7 8 11 12 13 | 13.4
Conjurations   | 2 3 4 5 7 |  7.0
Invocations    | 1 2 3 4 6 8 10 | 10.0
Spellcasting   | 3 4 6 7 8 10 11 12 | 12.3
Fire Magic     | 4 |  4.0
Evocations     | 1 5 6 |  6.0
Air Magic      | 4 8 10 13 14 15 18 20 | 20.0
Summonings     | 3 4 7 8 |  8.0
Charms         | 2 3 |  3.0
Necromancy     | 3 4 5 6 |  6.0
Shields        | 1 5 6 10 11 | 11.2
Earth Magic    | 1 4 |  4.0

Action                   |  1- 3 |  4- 6 |  7- 9 | 10-12 | 13-15 | 16-18 || total
-------------------------+-------+-------+-------+-------+-------+-------++-------
Melee: Unarmed           |    31 |       |       |       |       |       ||    31
       Tailslap          |     6 |    11 |    33 |    30 |    44 |    64 ||   188
       Short sword       |    25 |    30 |       |       |       |       ||    55
       Spear             |       |    75 |   303 |   293 |    70 |       ||   741
       Trident           |       |       |    28 |       |   273 |   253 ||   554
       Staff             |       |       |       |       |    56 |       ||    56
Throw: Stone             |    32 |    50 |    57 |    55 |    82 |       ||   276
       Javelin           |       |       |       |    62 |       |       ||    62
       Throwing net      |       |       |       |       |     4 |       ||     4
       Boomerang         |       |       |       |       |       |    32 ||    32
 Cast: Flame Tongue      |    69 |    83 |    28 |    63 |   157 |       ||   400
       Sticky Flame      |       |     9 |    57 |   133 |   156 |   121 ||   476
       Conjure Flame     |       |       |     7 |    26 |    52 |       ||    85
       Regeneration      |       |       |     1 |    11 |     9 |       ||    21
       Summon Lightning  |       |       |       |    94 |   113 |    43 ||   250
       Blink             |       |       |       |     4 |    12 |     1 ||    17
       Borgnjor's Vile C |       |       |       |       |    84 |   137 ||   221
       Conjure Ball Ligh |       |       |       |       |   102 |    69 ||   171
       Deflect Missiles  |       |       |       |       |     3 |     1 ||     4
       Dispel Undead     |       |       |       |       |     3 |       ||     3
       Airstrike         |       |       |       |       |       |    33 ||    33
Invok: Channel Magic     |       |       |       |     1 |     2 |     7 ||    10
 Abil: Breathe Lightning |       |       |     2 |       |       |     1 ||     3
Evoke: Wand              |       |       |       |     1 |     8 |    19 ||    28
       Lightning rod     |       |       |       |       |       |     4 ||     4
  Use: Scroll            |     3 |     8 |     9 |     8 |    10 |    10 ||    48
       Potion            |       |     2 |       |     4 |     2 |    14 ||    22
 Stab: Sleeping          |       |     2 |     3 |       |       |       ||     5
       Distracted        |       |       |       |     5 |     9 |     6 ||    20
       Paralysed         |       |       |       |       |     5 |     3 ||     8
  Eat: Chunk             |     5 |    10 |    18 |    37 |    74 |    35 ||   179
       Ration            |       |     2 |     5 |    11 |    15 |    19 ||    52
Armor: Skin              |    48 |    40 |   108 |   205 |   317 |   278 ||   996
Dodge: Dodged            |    72 |    82 |   194 |   289 |   500 |   408 ||  1545
       Deflected         |       |       |       |       |    22 |    12 ||    34
Block: Buckler           |       |       |       |    71 |   207 |   181 ||   459
       Reflection        |       |       |       |     1 |       |    18 ||    19
       Shield            |       |       |       |       |       |    99 ||    99
       Rpst.: Staff      |       |       |       |       |    12 |       ||    12
       Trident           |       |       |       |       |     7 |    66 ||    73

Table legend:
 A = Non-vault XP
 B = Vault XP
 C = Vault XP percentage of total XP
 D = Non-vault monster count
 E = Vault monster count
 F = Vault count percentage of total count
                 A         B        C        D         E       F
            +---------+---------+-------+---------+---------+-------
      Total |  181499 |   99685 |  35.5 |     842 |     330 |  28.2
            +---------+---------+-------+---------+---------+-------
        D:1 |      41 |       0 |   0.0 |      21 |       0 |   0.0
        D:2 |      63 |       0 |   0.0 |      22 |       0 |   0.0
        D:3 |      95 |      22 |  18.8 |      22 |       7 |  24.1
        D:4 |     114 |       0 |   0.0 |      12 |       0 |   0.0
        D:5 |     843 |     201 |  19.3 |      18 |       5 |  21.7
        D:6 |     618 |      44 |   6.6 |      13 |       1 |   7.1
        D:7 |    1051 |       0 |   0.0 |      27 |       0 |   0.0
        D:8 |     312 |     719 |  69.7 |      12 |       2 |  14.3
        D:9 |    2118 |    1630 |  43.5 |      20 |       6 |  23.1
       D:10 |    1471 |    2237 |  60.3 |      24 |      10 |  29.4
       D:11 |    3642 |       0 |   0.0 |      24 |       0 |   0.0
       D:12 |    5231 |    3476 |  39.9 |      36 |       7 |  16.3
       D:13 |   18262 |    2264 |  11.0 |      66 |       6 |   8.3
       D:14 |   11102 |    4052 |  26.7 |      52 |       3 |   5.5
       D:15 |    5961 |    4899 |  45.1 |      21 |      16 |  43.2
     Lair:1 |    2053 |       0 |   0.0 |      13 |       0 |   0.0
     Lair:2 |    4269 |     516 |  10.8 |      20 |       2 |   9.1
     Lair:3 |    3083 |     509 |  14.2 |      24 |       2 |   7.7
     Lair:4 |    8894 |     928 |   9.4 |      37 |      10 |  21.3
     Lair:5 |    9457 |    7430 |  44.0 |      36 |      46 |  56.1
     Lair:6 |    5263 |    8936 |  62.9 |      18 |      22 |  55.0
   Spider:1 |   13691 |       0 |   0.0 |      43 |       0 |   0.0
   Spider:2 |   10934 |       0 |   0.0 |      30 |       0 |   0.0
   Spider:3 |   12870 |    4183 |  24.5 |      30 |       6 |  16.7
   Spider:4 |    7644 |   16931 |  68.9 |      20 |      37 |  64.9
      Orc:1 |    6690 |    3291 |  33.0 |      68 |       5 |   6.8
      Orc:2 |    3175 |    7308 |  69.7 |      26 |      56 |  68.3
   Vaults:1 |   30993 |   26705 |  46.3 |      60 |      38 |  38.8
   Vaults:2 |   11559 |    2638 |  18.6 |      27 |       6 |  18.2
      Sewer |       0 |     121 | 100.0 |       0 |       9 | 100.0
    Ossuary |       0 |     645 | 100.0 |       0 |      28 | 100.0
            +---------+---------+-------+---------+---------+-------
